 Dungeon Crawl Stone Soup version 0.30.0-5-g1a98f26d00 (webtiles) character file.

Game seed: 474386739497862576

7757 backslashecho the Severer (level 11, -12/104 HPs)
             Began as a Hill Orc Fighter on May 11, 2023.
             Was a Believer of Ashenzari.
             Mangled by Lodul
             ... wielding a +2 dire flail of protection
              (19 damage)
             ... on level 11 of the Dungeon.
             The game lasted 00:27:11 (9539 turns).

backslashecho the Severer (Hill Orc Fighter)        Turns: 9539, Time: 00:27:11

Health: -12/104    AC: 12    Str: 24    XL:     11   Next: 20%
Magic:  11/11      EV: 12    Int: 11    God:    Ashenzari [**....]
Gold:   290        SH: 18    Dex: 10    Spells: 10/10 levels left

rFire   . . .        a - +0 war axe "Shattered With Me" {Self, Elem} (curse)
rCold   . . .        v - +2 kite shield
rNeg    . . .        u - +0 chain mail of Toth-Mos's Legacy {Self, Fort} (curse)
rPois   .            D - +2 helmet {Int+3}
rElec   .            (no cloak)
rCorr   .            (no gloves)
SInv    +            (no boots)
Will    .....        C - amulet of reflection Stlth
                     h - ring of Ashenzari's Irritation {Slay+4, Range, Fort} (curse)
HPRegen 0.37/turn    s - +5 ring of evasion
MPRegen 0.12/turn

%: reflection
@: mighty
A: no striking features
a: Renounce Religion, Curse Item, Shatter the Chains


You were on level 11 of the Dungeon.
You worshipped Ashenzari.
Ashenzari was pleased with you.
You visited 1 branch of the dungeon, and saw 11 of its levels.

You collected 692 gold pieces.
You spent 402 gold pieces at shops.

Inventory:

Hand Weapons
 a - the cursed +0 war axe "Shattered With Me" (weapon) {Self, Elem}

   It has a curse which improves the following skills: Introspection: Fighting
   and Spellcasting.
   Elements:  Fire Magic, Ice Magic, Air Magic and Earth Magic.
Missiles
 k - 32 poisoned darts (quivered)
Armour
 j - a +2 tower shield
 u - the cursed +0 chain mail of Toth-Mos's Legacy (worn) {Self, Fort}
   (You took it off an orc on level 3 of the Dungeon)

   It has a curse which improves the following skills: Introspection: Fighting
   and Spellcasting.
   Fortitude: Armour and Shields.
 v - a +2 kite shield (worn)
 D - a +2 helmet of intelligence (worn)
Jewellery
 h - the cursed ring of Ashenzari's Irritation (left hand) {Slay+4, Range, Fort}
   (You took it off a kobold on level 2 of the Dungeon)

   [ring of slaying]

   Slay:      It affects your accuracy & damage with ranged weapons and melee
   (+4).
   It has a curse which improves the following skills: Ranged Combat: Ranged
   Weapons and Throwing.
   Fortitude: Armour and Shields.
 o - a ring of protection from cold
 s - a +5 ring of evasion (right hand)
 t - a ring of protection from fire
 x - a +5 ring of evasion
 z - a ring of willpower
 C - an amulet of reflection (around neck)
Wands
 c - a wand of flame (13)
Scrolls
 b - a scroll of fear
 f - 3 scrolls of amnesia
 m - 3 scrolls of enchant armour
 q - 2 scrolls of magic mapping
 r - 2 scrolls of enchant weapon
 y - a scroll of silence
 B - 3 scrolls of teleportation
 E - a scroll of butterflies
 F - 2 scrolls of immolation
 G - a scroll of blinking
Potions
 e - 4 potions of magic
 g - 7 potions of curing
 i - 4 potions of brilliance
 A - a potion of ambrosia
 H - 4 potions of mutation
 I - a potion of cancellation
Miscellaneous
 J - a lightning rod (4/4)


   Skills:
 - Level 10.2(12.0) Fighting
 * Level 15.5 Axes
 + Level 2.2(3.1) Throwing
 - Level 3.2(4.8) Armour
 + Level 9.9(11.6) Shields
 - Level 1.0 Unarmed Combat


You had 10 spell levels left.
You didn't know any spells.
Your spell library contained the following spells:

 Spells                   Type           Power      Damage    Failure   Level
 Freeze                   Ice            0%         1d3       96%         1
 Magic Dart               Conj           0%         1d3       97%         1
 Slow                     Hex            0%         N/A       97%         1
 Call Imp                 Summ           0%         N/A       99%         2
 Confusing Touch          Hex            0%         N/A       100%        3
 Frozen Ramparts          Ice            0%         1d1       100%        3
 Hailstorm                Conj/Ice       0%         3d3       100%        3
 Mephitic Cloud           Conj/Pois/Air  0%         N/A       100%        3
 Ozocubu's Armour         Ice            0%         N/A       100%        3
 Vampiric Draining        Necr           0%         2d6       100%        3
 Conjure Ball Lightning   Conj/Air       0%         3x3d6     100%        6
 Ozocubu's Refrigeration  Ice            0%         4d7       100%        7
 Discord                  Hex            0%         N/A       100%        8
 Disjunction              Tloc           0%         N/A       100%        8


Dungeon Overview and Level Annotations

Branches:
Dungeon (11/15)            Temple (0/1) D:6            Lair (0/5) D:10
    Orc (0/2) D:10

Altars:
Ashenzari
Cheibriados
Elyvilon
Kikubaaqudgha
Okawaru
Qazlal
Sif Muna
Vehumet
Wu Jian
Zin
Beogh

Shops:
D:4 *   D:7 [   D:9 ?

Annotations:
D:2 1 runed translucent door, Crazy Yiuf
D:11 Lodul


Message History

You barely miss the ogre. You slash the ogre! You block the ogre's attack. x2
You slash the ogre!
You kill the ogre!
You slash the ogre!
You kill the ogre!
You hit the ogre.
You see here a +0 giant spiked club.
You feel much better. The ogre closely misses you.
You regained 20 hp, and now have 50/104 hp.
You feel very mighty all of a sudden.
You barely miss the ogre.
The ogre is severely wounded.
You barely miss the ogre. You slash the ogre!
You kill the ogre!
You closely miss the ogre. You block Lodul's attack.
You block the ogre's attack.
You slash Lodul!
Lodul is lightly wounded.
You slash the ogre! You barely miss the ogre. You block the ogre's attack. x2
Lodul hits you with a +2 dire flail of protection!!
* * * LOW HITPOINT WARNING * * *
You take 28 damage, and have 24/104 hp.
MASSIVE DAMAGE!!
You slice Lodul!!
Lodul is moderately wounded.
You closely miss the ogre. You hit the ogre. You block the ogre's attack.
You completely miss Lodul.
Lodul is moderately wounded.
You hit the ogre. You slash the ogre! You block the ogre's attack.
Lodul hits you with a +2 dire flail of protection!!
* * * LOW HITPOINT WARNING * * *
You take 24 damage, and have 1/104 hp.
MASSIVE DAMAGE!!
Unknown command.
You feel much better. You block the ogre's attack.
You regained 32 hp, and now have 33/104 hp.
You barely miss Lodul.
Lodul is moderately wounded.
You slash the ogre! x2; You block Lodul's attack.
The ogre hits you with a +0 giant club!!
* * * LOW HITPOINT WARNING * * *
You take 26 damage, and have 7/104 hp.
MASSIVE DAMAGE!!
You closely miss Lodul.
Lodul is moderately wounded.
You slice the ogre!!
You kill the ogre!
You hit the ogre.
You kill the ogre!
You slice Lodul!!
Lodul is severely wounded.
Lodul hits you with a +2 dire flail of protection!!
You die...

#.O..O........, ,
#.###.....#+#..#.#,
#.# #.....#......#
#.# #.....#......# *
#O# #.....#......####
#O# #............#...
#.####....##.....#...
#.#.))...........#...
#O##@###.........#...
#.##O)O#......<..'...
#.####.#.#.###...#...
#.####.#.....+...#...
#.O....#.#.###...#...
#####........###.#.##
#............#.#+
#...##########.##
#...# #.....##.#.


You could see Lodul and an ogre.

Vanquished Creatures
  A boulder beetle (D:10)
  A gargoyle (D:9)
  A hornet (D:9)
  A shadow (D:10)
  3 wyverns
  13 yaks
  3 vampire mosquitoes
  Duvessa (D:7)
  3 water moccasins
  3 orc warriors
  3 ice beasts
  2 black bears (D:6)
  6 ogres
  3 centaurs
  3 phantoms (D:6)
  2 kobold brigands (D:9)
  2 bullfrogs
  3 scorpions
  Dowan (D:7)
  4 howler monkeys
  3 jellies (D:6)
  5 hounds
  2 gnoll boudas (D:7)
  9 orc priests
  A sleepcap (D:6)
  2 iguanas
  Terence (D:2)
  5 orc wizards
  10 gnolls (D:7)
  8 adders
  3 white imps
  A worm (D:4)
  A dart slug (D:2)
  31 orcs
  10 endoplasms
  2 giant cockroaches
  8 goblins
  7 hobgoblins
  7 jackals
  5 quokkas
  3 ball pythons
  7 bats
  2 frilled lizards (D:1)
  13 kobolds
  10 rats
215 creatures vanquished.

Notes
Turn   | Place    | Note
-------+----------+-------------------------------------------
     0 | D:1      | backslashecho the Hill Orc Fighter began the quest for the
                  | Orb.
     0 | D:1      | Reached XP level 1. HP: 19/19 MP: 1/1
    96 | D:1      | Reached skill level 3 in Axes
   104 | D:1      | Found a faded altar of an unknown god.
   116 | D:1      | Prayed at the altar of an unknown god.
   116 | D:1      | Became a worshipper of Ashenzari the Shackled
   145 | D:1      | Reached XP level 2. HP: 27/27 MP: 2/2
   188 | D:1      | Reached skill level 1 in Unarmed Combat
   563 | D:1      | Reached XP level 3. HP: 29/33 MP: 3/3
   971 | D:2      | Reached * piety under Ashenzari
  1002 | D:2      | Noticed Terence
  1014 | D:2      | Killed Terence
  1015 | D:2      | Reached skill level 4 in Axes
  1015 | D:2      | Reached XP level 4. HP: 25/42 MP: 4/4
  1208 | D:2      | Found a runed translucent door.
  1209 | D:2      | Noticed Crazy Yiuf
  1832 | D:3      | Reached skill level 5 in Axes
  1832 | D:3      | Reached XP level 5. HP: 47/50 MP: 5/5
  2728 | D:4      | Reached XP level 6. HP: 51/57 MP: 6/6
  2768 | D:4      | Reached skill level 5 in Fighting
  2768 | D:4      | Reached skill level 6 in Axes
  2900 | D:4      | Found Quckum's Assorted Antiques.
  2920 | D:4      | Bought a scroll labelled HYUSOEDAUW for 24 gold pieces
  3247 | D:4      | Found a shimmering blue altar of Sif Muna.
  3277 | D:5      | Entered Level 5 of the Dungeon
  3315 | D:5      | Noticed an ice beast
  3326 | D:5      | Killed an ice beast
  3327 | D:5      | Reached skill level 7 in Axes
  3327 | D:5      | Reached skill level 5 in Shields
  3327 | D:5      | Reached XP level 7. HP: 52/64 MP: 7/7
  3491 | D:5      | Reached skill level 8 in Axes
  3664 | D:4      | Bought a runed kite shield for 180 gold pieces
  3698 | D:5      | Found an ornate altar of the Wu Jian Council.
  3724 | D:5      | Reached ** piety under Ashenzari
  3734 | D:5      | Found a radiant altar of Vehumet.
  3754 | D:5      | Reached XP level 8. HP: 64/74 MP: 8/8
  4403 | D:6      | Reached skill level 9 in Axes
  4408 | D:6      | Found a staircase to the Ecumenical Temple.
  4948 | D:6      | Reached skill level 10 in Axes
  5139 | D:6      | Reached XP level 9. HP: 77/85 MP: 9/9
  5288 | D:7      | Reached skill level 11 in Axes
  5379 | D:7      | Noticed Duvessa
  5384 | D:7      | Noticed Dowan
  5392 | D:7      | Killed Dowan
  5400 | D:7      | Killed Duvessa
  5660 | D:7      | Found a snail-covered altar of Cheibriados.
  5835 | D:7      | Found Ymehauf's Armour Boutique.
  5838 | D:7      | Bought a +1 helmet of intelligence for 198 gold pieces
  5874 | D:7      | Found a broken altar of Ashenzari.
  6586 | D:8      | Found an iron altar of Okawaru.
  6945 | D:8      | Reached skill level 12 in Axes
  7095 | D:9      | Noticed a hornet
  7678 | D:9      | Found an ancient bone altar of Kikubaaqudgha.
  7734 | D:9      | Found Virun's Magic Scroll Shop.
  7783 | D:9      | Found a glowing silver altar of Zin.
  7802 | D:9      | Reached XP level 10. HP: 84/96 MP: 10/10
  7806 | D:9      | Reached skill level 13 in Axes
  7884 | D:9      | Found a white marble altar of Elyvilon.
  8209 | D:9      | Noticed a gargoyle
  8226 | D:9      | Killed a gargoyle
  8466 | D:10     | Entered Level 10 of the Dungeon
  8583 | D:9      | Reached skill level 14 in Axes
  8691 | D:10     | Noticed a boulder beetle
  8721 | D:10     | Killed a boulder beetle
  8722 | D:10     | Reached skill level 10 in Fighting
  8817 | D:10     | Found a stormy altar of Qazlal.
  8943 | D:9      | Reached skill level 15 in Axes
  8943 | D:9      | Reached skill level 1 in Throwing
  8943 | D:9      | Reached XP level 11. HP: 94/104 MP: 11/11
  9091 | D:10     | Found a staircase to the Orcish Mines.
  9104 | D:10     | Found a roughly hewn altar of Beogh.
  9257 | D:10     | Found a staircase to the Lair.
  9494 | D:11     | Noticed Lodul
  9496 | D:11     | Noticed a skeletal warrior
  9535 | D:11     | HP: 1/104 [Lodul/+2 dire flail of protection (24)]
  9539 | D:11     | Mangled by Lodul

Illustrated notes

Levels and vault maps discovered:
D:1:      amcnicky_arrival_double_pillar, layout_loops_ring,
          hellmonk_ecumenical_altar_crossroads, dreamdust_princess_bridge
D:2:      layout_basic, dreamdust_princess_corridor, grunt_ministairs_14,
          hangedman_glass_teeth, uniq_crazy_yiuf_cottage, uniq_terence
D:3:      layout_loops_ring, kennysheep_cross_room, minmay_misc_feat_enclosed,
          minmay_puff
D:4:      layout_cave_pools, kennysheep_little_box, serial_shops, shop,
          minmay_quadrilaterals
D:5:      layout_cave_pools, nicolae_wu_jian_wuxing_cycle,
          mainiacjoe_overflow_brackets, serial_park_tiny_pond, abandoned_shop,
          dk_rats_in_the_wall
D:6:      layout_gridville, minmay_temple_entry_tees, serial_park_tiny_pond,
          kennysheep_generic_room_14
D:7:      layout_basic, lemuel_round_altar, amcnicky_altar_gilded, serial_shops,
          nicolae_shop_real_fake_doors, nicolae_elevator_lobby_plus,
          uniq_duvessa
D:8:      layout_gridville, lemuel_round_altar
D:9:      layout_loops_ring, old_standard_altar, elyvilon_altar_5, zin_academy,
          serial_shops, shop
D:10:     layout_cross, nicolae_overflow_crystal_walls, lair_entry_dummy,
          minmay_orc_entry_temple_small
D:11:     layout_basic, kennysheep_generic_room_5, uniq_harold, uniq_lodul

Skill      XL: |  1  2  3  4  5  6  7  8  9 10 11 |
---------------+----------------------------------+-----
Axes           | 3 4 5 7 8 10 12 15 | 15.5
Unarmed Combat | 1 |  1.0
Fighting       | 4 5 6 7 9 10 | 10.2
Shields        | 4 5 6 8 9 |  9.9
Throwing       | 1 2 |  2.2
Armour         | |  3.2

Action                     |  1- 3 |  4- 6 |  7- 9 | 10-12 || total
---------------------------+-------+-------+-------+-------++-------
  Melee: War axe           |    87 |   128 |   259 |   163 ||   637
  Throw: Dart              |       |       |       |    10 ||    10
 Invoke: Curse Item        |     2 |       |     2 |       ||     4
         Shatter the Chain |       |       |       |     1 ||     1
  Evoke: Lightning rod     |       |       |       |     2 ||     2
         Wand              |       |       |       |     1 ||     1
    Use: Scroll            |       |       |     1 |       ||     1
         Potion            |       |       |       |     4 ||     4
   Stab: Invisible         |       |       |       |     2 ||     2
 Armour: Scale mail        |    35 |    54 |       |       ||    89
         Chain mail        |       |       |    92 |    29 ||   121
  Dodge: Dodged            |    38 |    43 |   160 |    41 ||   282
  Block: Buckler           |    17 |    30 |    81 |     4 ||   132
         Reflection        |       |       |     1 |     3 ||     4
         Kite shield       |       |       |       |   132 ||   132
